 Dungeon Crawl Stone Soup version 0.28.0-1-gb440e238dd (webtiles) character file.

Game seed: 12712946593917366342

1395 themarg the Cleaver (level 8, 0/70 HPs)
             Began as a Minotaur Berserker on Feb 24, 2022.
             Was a Priest of Trog.
             Killed from afar by an orc wizard (3 damage)
             ... with a puff of flame
             ... on level 6 of the Dungeon.
             The game lasted 00:13:28 (5057 turns).

themarg the Cleaver (Minotaur Berserker)            Turns: 5057, Time: 00:13:29

Health: 0/70       AC:  9    Str: 25    XL:     8   Next: 41%
Magic:  7/7        EV: 11    Int:  4    God:    Trog [***...]
Gold:   293        SH:  0    Dex:  9    Spells: 7/7 levels left

rFire   . . .      SeeInvis +   a - +0 hand axe
rCold   . . .      Faith    .   (no shield)
rNeg    + . .      Spirit   .   t - +0 scale mail
rPois   .          Reflect  .   (helmet restricted)
rElec   .          Harm     .   (no cloak)
rCorr   .          Rampage  .   u - +0 pair of gloves
Will    .....                   (no boots)
Stlth   ..........              (no amulet)
HPRegen 0.21/turn               d - ring of see invisible
MPRegen 0.10/turn               q - ring of positive energy

@: on berserk cooldown, slowed, very slow
A: horns 2, retaliatory headbutt
a: Renounce Religion, Berserk, Trog's Hand


You were on level 6 of the Dungeon.
You worshipped Trog.
Trog was most pleased with you.
You visited 1 branch of the dungeon, and saw 6 of its levels.

You collected 293 gold pieces.

Inventory:

Hand Weapons
 a - a +0 hand axe (weapon)
 b - a +2 dagger of venom
 m - a +2 short sword of electrocution
Missiles
 f - 4 poisoned darts (quivered)
 j - 176 stones
 w - 2 silver boomerangs
Armour
 t - a +0 scale mail (worn)
 u - a +0 pair of gloves (worn)
 v - a +0 plate armour
Jewellery
 d - a ring of see invisible (left hand)
 q - a ring of positive energy (right hand)
Wands
 y - a wand of polymorph (12)
 z - a wand of flame (7)
 A - a wand of charming (6)
Scrolls
 e - a scroll of teleportation {unknown}
 h - a scroll of summoning {unknown}
 k - 2 scrolls of immolation
 l - 2 scrolls of noise {unknown}
 o - a scroll of vulnerability {unknown}
 p - a scroll of torment {unknown}
 B - a scroll of silence {unknown}
Potions
 c - a potion of resistance {unknown}
 g - 3 potions of heal wounds
 i - a potion of haste {unknown}
 n - a potion of might {unknown}
 r - 3 potions of attraction
 s - 3 potions of cancellation
 x - a potion of ambrosia {unknown}


   Skills:
 + Level 5.7 Fighting
 + Level 9.1 Axes
 + Level 6.8 Armour
 + Level 4.6 Dodging
 + Level 0.6 Stealth


You had 7 spell levels left.
You didn't know any spells.
Your spell library was empty.

Dungeon Overview and Level Annotations

Branches:
Dungeon (6/15)
 Temple: D:4-7

Altars:
Dithmenos
Elyvilon
Sif Muna
Yredelemnul

Annotations:
D:3 Grinder
D:4 2 transporters, yahweh's ghost, amateur DEAE


Innate Abilities, Weirdness & Mutations

You have a pair of horns on your head.
You reflexively headbutt those who attack you in melee.


Message History

You feel yourself moving faster!
You feel mighty!
You hit the orc warrior but do no damage.
The orc warrior hits you with a +0 short sword!
You closely miss the orc warrior.
The orc warrior hits you with a +0 short sword.
You slash the orc warrior! Your headbutt misses the orc warrior.
The orc warrior is heavily wounded.
You hit the orc warrior.
The orc warrior is severely wounded.
The orc warrior hits you but does no damage.
An orc priest comes into view. It is wielding a +0 short sword.
You barely miss the orc warrior.
The orc warrior is severely wounded.
The orc priest shouts!
You hit the orc warrior.
The orc warrior is almost dead.
The orc warrior hits you with a +0 short sword!
* * * LOW HITPOINT WARNING * * *
You barely miss the orc warrior.
The orc warrior is almost dead.
The orc warrior hits you with a +0 short sword!
* * * LOW HITPOINT WARNING * * *
You hit the orc warrior.
You feel the power of Trog in you as your rage grows.
You kill the orc warrior!
Trog accepts your kill.
The orc priest calls down the wrath of Beogh upon you.
Beogh smites you!
* * * LOW HITPOINT WARNING * * *
You are too berserk!
You feel a strong urge to attack something.
There is an open door here.
You feel your anger nearly subside.
You are no longer berserk.
You are exhausted.
You feel yourself slow down.
There is an open door here.
The orc wizard gestures at you while chanting.
The puff of flame hits you.
You die...

#........# #.# ...# ..
#........# #.# ...#'#
#....)...# ####.#
....o# #........#
#.o..###o.o###
#........#
#.##.#.)...'.#
#........#
#o##'#.#####.#
#........####.##.....#
..######....##'##.....+
##.#.#.@.#.....#
#.#'#...#'#.###
#.#.......#.+
#.###...##### #...+...+
###.##### #...# ###.+
#######.#


You could see an orc priest and an orc wizard.

Vanquished Creatures
  Menkaure (D:5)
  An orc warrior (D:6)
  2 black bears (D:6)
  3 ogres
  2 phantoms
  A water moccasin skeleton (D:6)
  A howler monkey (D:6)
  2 bullfrog zombies (D:5)
  A hound (D:4)
  A centaur zombie (D:4)
  3 centaur skeletons
  An iguana (D:5)
  2 orc priests (D:3)
  Jessica (D:2)
  An orc wizard (D:3)
  2 hound skeletons
  A gnoll (D:1)
  3 adders
  An adder skeleton (D:4)
  A worm (D:3)
  3 dart slugs
  7 orcs
  13 endoplasms
  5 giant cockroaches
  A goblin (D:1)
  7 hobgoblins
  7 jackals
  7 kobolds
  2 quokkas
  2 ball pythons
  7 bats
  4 frilled lizards
  3 rats
99 creatures vanquished.

Vanquished Creatures (others)
  6 plants (D:4)
6 creatures vanquished.

Grand Total: 105 creatures vanquished

Notes
Turn   | Place    | Note
-------+----------+-------------------------------------------
     0 | D:1      | themarg the Minotaur Berserker began the quest for the Orb.
     0 | D:1      | Reached XP level 1. HP: 19/19 MP: 0/0
   259 | D:1      | Reached XP level 2. HP: 27/27 MP: 1/1
   266 | D:1      | Reached skill level 4 in Axes
   728 | D:1      | Reached XP level 3. HP: 33/33 MP: 2/2
  1232 | D:2      | Reached ** piety under Trog
  1329 | D:2      | Reached skill level 5 in Axes
  1362 | D:2      | Reached XP level 4. HP: 38/40 MP: 3/3
  1421 | D:2      | Noticed Jessica
  1425 | D:2      | Killed Jessica
  1729 | D:3      | Noticed a phantom
  1758 | D:3      | Found a shadowy altar of Dithmenos.
  1938 | D:3      | Killed a phantom
  1939 | D:3      | Reached XP level 5. HP: 35/47 MP: 4/4
  2120 | D:3      | Found a shimmering blue altar of Sif Muna.
  2125 | D:3      | Reached skill level 6 in Axes
  2139 | D:3      | Reached XP level 6. HP: 43/53 MP: 5/5
  2224 | D:3      | Noticed Grinder
  2784 | D:4      | Found a basalt altar of Yredelemnul.
  2800 | D:4      | Reached *** piety under Trog
  2887 | D:4      | Reached skill level 7 in Axes
  2897 | D:4      | Reached skill level 5 in Fighting
  2897 | D:4      | Reached XP level 7. HP: 57/61 MP: 6/6
  2934 | D:4      | Found a transporter.
  2966 | D:4      | Found a white marble altar of Elyvilon.
  3111 | D:4      | Noticed yahweh's ghost (amateur DEAE)
  3129 | D:4      | Found a transporter.
  3147 | D:4      | Identified the +9 trident of Iphebe {chaos, rF+ Str+4
                  | Stlth+}
  3147 | D:4      | Identified the +5 ring mail of the Cicada {Will+ rCorr}
  3370 | D:5      | Entered Level 5 of the Dungeon
  3939 | D:5      | Reached skill level 5 in Armour
  4172 | D:5      | Reached skill level 8 in Axes
  4223 | D:5      | Noticed Menkaure
  4230 | D:5      | Killed Menkaure
  4816 | D:6      | Reached XP level 8. HP: 56/69 MP: 7/7
  5022 | D:6      | Reached skill level 9 in Axes
  5047 | D:6      | HP: 1/105 [orc priest/divine providence (15)]
  5057 | D:6      | Killed from afar by an orc wizard

Illustrated notes

Levels and vault maps discovered:
D:1:      zelgadis_glass_arrival_small, layout_basic
D:2:      layout_rooms, uniq_jessica
D:3:      layout_loops_ring, mainiacjoe_overflow_surrounded_room,
          grunt_dithmenos_smoke, uniq_grinder
D:4:      layout_cave_pools, marbit_many_paths, mainiacjoe_overflow_alcove_2,
          gammafunk_ghost_gnarly_gnolls
D:5:      layout_cave_pods, kennysheep_cross_room, uniq_menkaure
D:6:      nicolae_cairo_tiling_large, layout_basic

Skill      XL: |  1  2  3  4  5  6  7  8 |
---------------+-------------------------+-----
Fighting       | 4 5 |  5.7
Axes           | 4 5 6 7 8 9 |  9.1
Armour         | 3 4 5 6 |  6.8
Dodging        | 3 4 |  4.6
Stealth        | |  0.6

Action                   |  1- 3 |  4- 6 |  7- 9 || total
-------------------------+-------+-------+-------++-------
Melee: Hand axe          |    62 |   115 |    85 ||   262
       Headbutt          |     4 |    19 |    13 ||    36
       Punch             |       |     1 |     1 ||     2
Invok: Berserk           |     1 |     4 |     2 ||     7
  Use: Scroll            |       |       |     4 ||     4
Armor: Animal skin       |     5 |       |       ||     5
       Ring mail         |    18 |     7 |       ||    25
       Scale mail        |       |    50 |    27 ||    77
Dodge: Dodged            |    58 |    71 |    40 ||   169
